 Dungeon Crawl Stone Soup version 0.30-a0-760-g5a9884bb7c (webtiles) character file.

Game seed: 18299911776922633887

130 holysushi the Insei (level 4, -5/27 HPs)
             Began as a Vampire Monk on Feb 11, 2023.
             Slain by an ogre
             ... wielding a +0 giant club
              (23 damage)
             ... on level 4 of the Dungeon.
             The game lasted 00:02:23 (2614 turns).

holysushi the Insei (Vampire Monk)                  Turns: 2614, Time: 00:02:23

Health: -5/27      AC:  0    Str:  9 (10) XL:     4   Next: 89%
Magic:  0/4        EV: 21    Int: 12      God:
Gold:   135        SH:  0    Dex: 22 (23) Spells: 3/3 levels left

rFire   . . .      SeeInvis +      - Unarmed
rCold   + + .      Faith    .    (shield currently unavailable)
rNeg    + + +      Spirit   +    (body armour currently unavailable)
rPois   ∞          Reflect  .    (helmet currently unavailable)
rElec   .          Harm     .    (cloak currently unavailable)
rCorr   .          Rampage  .    (gloves currently unavailable)
Will    .....                    (boots currently unavailable)
Stlth   +++++                    n - amulet of guardian spirit
HPRegen 0.00/turn                (ring currently unavailable)
MPRegen 0.09/turn                (ring currently unavailable)

@: bat-form, flying, bloodless, inhibited regen, very quick
A: fast, flying, no casting, tiny, bloodless, fangs 3, see invisible, vampiric 2
a: Revivify, End Transformation


You were on level 4 of the Dungeon.
You were a vampire bat.
You visited 1 branch of the dungeon, and saw 4 of its levels.

You collected 135 gold pieces.

Inventory:

Armour
 a - a +1 robe (melded)
Jewellery
 k - a +6 ring of strength
 n - an amulet of guardian spirit (around neck)
Scrolls
 e - 2 scrolls of butterflies
 g - 2 scrolls of magic mapping
 h - a scroll of enchant weapon
 i - a scroll of identify
 j - a scroll of vulnerability {unknown}
Potions
 b - a potion of ambrosia
 c - a potion of heal wounds
 d - 2 potions of mutation {unknown}
 f - a potion of berserk rage {unknown}
 m - 2 potions of curing {unknown}


   Skills:
 - Level 2.6 Fighting
 - Level 3.2 Dodging
 - Level 3.0 Stealth
 + Level 6.2 Unarmed Combat


You had 3 spell levels left.
You didn't know any spells.
Your spell library contained the following spells:

 Spells                   Type           Power      Damage    Failure   Level
 Iskenderun's Battlesphe  Conj           0%         2d6       100%        5
 Iron Shot                Conj/Erth      0%         9d1       100%        6
 Spellforged Servitor     Conj/Summ      0%         N/A       100%        7


Dungeon Overview and Level Annotations

Branches:
Dungeon (4/15) Zot: 21900
 Temple: D:4-7

Altars:

Shops:
D:1 (   D:2 =


Innate Abilities, Weirdness & Mutations

You are a vampire bat.
You are tiny and dextrous.
You move quickly.
You are flying.
You are immune to poison.
Your equipment is almost entirely melded.
You are incapable of wielding weapons or throwing items.
You cannot cast spells.
You do not regenerate when monsters are visible.
You are frail without blood (-20% HP).
You can heal yourself when you bite living creatures.
You are immune to poison.
You have razor-sharp teeth.
You have supernaturally acute eyesight. (SInv)
You are afflicted with vampirism and can become a bat while bloodless.


Message History

You hit the worm. You bite the worm.
The worm is severely wounded.
The orc hits you with a +0 flail.
You hit the worm but do no damage.
The worm is severely wounded.
The worm misses you. The orc barely misses you.
You hit the worm. You bite the worm.
The worm is almost dead.
The orc misses you.
You hit the worm but do no damage. You bite the worm.
You kill the worm!
The orc misses you.
You see here a worm corpse.
You hit the orc but do no damage. The orc closely misses you.
You hit the orc.
The orc is moderately wounded.
The orc completely misses you.
You hit the orc.
You kill the orc!
A hobgoblin comes into view.
You feel your strength returning.
Things that are here:
a +0 flail; an orc corpse; a hobgoblin corpse The hobgoblin shouts!
You hear a shout!
A worm comes into view.
There are monsters nearby!
There are monsters nearby!
There are monsters nearby!
An ogre comes into view. It is wielding a +0 giant club.
You hit the hobgoblin but do no damage. You hit the hobgoblin but do no damage.
The hobgoblin hits you.
You hit the hobgoblin. Your bite misses the hobgoblin.
The hobgoblin is almost dead.
The hobgoblin closely misses you.
You hit the hobgoblin.
You kill the hobgoblin!
You see here a hobgoblin corpse.
The ogre hits you with a +0 giant club!!
Ouch! That really hurt!
You die...

######### ........#
#### #.......#
..#####.......# ##...
........# ##<..##
#.......# #.....#
#.O.....#
#...)####.b.....#
#####.#†....†.w.....#
#.........####......#
#.###.###.# ##...#.#
#.# #.# #.# #.## #
###.###.# #.# .#
#.<...#.# #.######.#
#.....#.###........#
#.....#..##.######.#


You could see an ogre and a worm.

Vanquished Creatures
  6 adders
  A dart slug (D:3)
  3 worms
  2 orcs
  7 bats
  9 endoplasms
  2 giant cockroaches
  7 goblins
  2 hobgoblins (D:4)
  5 kobolds
  3 quokkas (D:1)
  6 ball pythons
  2 frilled lizards
  9 rats
64 creatures vanquished.

Notes
Turn   | Place    | Note
-------+----------+-------------------------------------------
     0 | D:1      | holysushi the Vampire Monk began the quest for the Orb.
     0 | D:1      | Reached XP level 1. HP: 17/17 MP: 1/1
    87 | D:1      | Found Hireted's Weapon Boutique.
   106 | D:1      | Reached XP level 2. HP: 20/23 MP: 2/2
   158 | D:1      | Reached skill level 4 in Unarmed Combat
   832 | D:2      | Gained mutation: You are afflicted with vampirism and can
                  | become a bat while bloodless. [Vampire growth]
   832 | D:2      | Reached XP level 3. HP: 28/28 MP: 3/3
  1082 | D:2      | Reached skill level 5 in Unarmed Combat
  1153 | D:2      | Found a faded altar of an unknown god.
  1295 | D:2      | Reached XP level 4. HP: 14/27 MP: 4/4
  1454 | D:2      | Found Roukid Xuohi's Jewellery Shoppe.
  1900 | D:3      | Reached skill level 6 in Unarmed Combat
  2607 | D:4      | Noticed an ogre
  2614 | D:4      | Slain by an ogre

Illustrated notes

Levels and vault maps discovered:
D:1:      minmay_arrival_stair_chambers, layout_loops_ring, serial_shops,
          nicolae_shop_bloodbath_and_beyond
D:2:      layout_loops_cross, hellmonk_ecumenical_altar_run_dry, serial_shops,
          shop, chequers_serial_rivers_small_3, chequers_serial_rivers_small_3
D:3:      layout_loops_ring
D:4:      layout_loops_ring, minitemple, makhleb_altar_promises_db,
          serial_shops, shop_statue, serial_bayou_pond_b

Skill      XL: |  1  2  3  4 |
---------------+-------------+-----
Unarmed Combat | 4 5 6 |  6.2
Fighting       | |  2.6
Dodging        | |  3.2
Stealth        | |  3.0

Action                     |  1- 3 |  4- 6 || total
---------------------------+-------+-------++-------
  Melee: Unarmed           |   125 |    85 ||   210
         Punch             |     4 |       ||     4
         Bite              |     8 |    14 ||    22
Ability: Bat Form          |     1 |       ||     1
         Exsanguinate      |     1 |       ||     1
    Use: Scroll            |     3 |     3 ||     6
   Stab: Sleeping          |     8 |     9 ||    17
 Armour: Robe              |    10 |       ||    10
  Dodge: Dodged            |    88 |    48 ||   136

Table legend: (Time is in decaauts)
 A = Elapsed time spent in this place.
 B = Non-inter-level travel time spent in this place.
 C = Inter-level travel time spent in this place.
 D = Time resting spent in this place.
 E = Time spent auto-exploring this place.
 F = Levels seen in this place.
 G = Mean time per level.
                   A        B        C        D        E       F      G
               +--------+--------+--------+--------+--------+-----+--------+
         Total |   2098 |   2015 |     83 |     45 |   1519 |   4 |  524.5 |
       Dungeon |   2098 |   2015 |     83 |     45 |   1519 |   4 |  524.5 |
               +--------+--------+--------+--------+--------+-----+--------+

Top non-repeatable levels by time:
     D:1: 790 daAuts
     D:3: 657 daAuts
     D:2: 585 daAuts
     D:4: 65 daAuts
